 Dungeon Crawl Stone Soup version 0.30.0-16-gbe6223bb7e (webtiles) character file.

Game seed: 3781214937129740133

15072 Sobieck the Destroyer (level 11, -3/57 HPs)
             Began as a Deep Elf Venom Mage on May 20, 2023.
             Was an Elder of Vehumet.
             Killed from afar by a hell hound (5 damage)
             ... with a blast of flame
             ... led by Azrael
             ... on level 2 of the Orcish Mines on May 21, 2023.
             The game lasted 00:46:21 (15671 turns).

Sobieck the Destroyer (Deep Elf Venom Mage)        Turns: 15671, Time: 00:46:21

Health: -3/57      AC:  9    Str:  5    XL:     11   Next: 97%
Magic:  37/37      EV: 12    Int: 30    God:    Vehumet [****..]
Gold:   830        SH: 12    Dex: 15    Spells: 11/30 levels left

rFire   . . .        a - +2 rapier (drain) {short}
rCold   + + .        F - +2 buckler
rNeg    . . .        V - +2 robe {rC+}
rPois   .            e - +3 hat of Pondering {ponderous, Will+ MP+10 Int+5}
rElec   .            g - +0 cloak
rCorr   .            d - +0 pair of gloves
SInv    .            (no boots)
Will    ++...        t - amulet of reflection
Stlth   +++          Y - ring of protection from cold
HPRegen 0.29/turn    (no ring)
MPRegen 0.25/turn

%: reflection
@: slow
A: no striking features
a: Renounce Religion


You were on level 2 of the Orcish Mines.
You worshipped Vehumet.
Vehumet was greatly pleased with you.
You visited 3 branches of the dungeon, and saw 12 of its levels.

You collected 830 gold pieces.


   Skills:
 - Level 2.0 Fighting
 - Level 4.0 Dodging
 - Level 5.0 Stealth
 + Level 3.4 Shields
 - Level 10.0 Spellcasting
 - Level 13.0 Conjurations
 - Level 5.0 Hexes
 - Level 3.0 Transmutations
 * Level 9.3 Fire Magic
 - Level 10.0 Poison Magic


You had 11 spell levels left.
You knew the following spells:

 Your Spells              Type           Power      Damage    Failure   Level
a - Olgreb's Toxic Radia  Pois           66%        N/A       1%          4
b - Ignite Poison         Fire/Tmut/Pois 56%        N/A       1%          3
c - Sting                 Tmut/Pois      100%       1d8       1%          1
d - Poisonous Vapours     Pois/Air       90%        N/A       1%          2
e - Mephitic Cloud        Conj/Pois/Air  57%        N/A       1%          3
f - Searing Ray           Conj           100%       2d8       1%          2
g - Fulminant Prism       Conj/Hex       31%        3d15      1%          4

Your spell library contained the following spells:

 Spells                   Type           Power      Damage    Failure   Level
 Fireball                 Conj/Fire      35%        3d15      1%          5
 Magic Dart               Conj           100%       1d8       1%          1
 Inner Flame              Hex/Fire       55%        N/A       1%          3
 Flame Wave               Conj/Fire      70%        2d16      1%          4
 Sticky Flame             Conj/Fire      70%        2d8       1%          4
 Iskenderun's Battlesphe  Conj           75%        2d12      1%          5
 Cigotuvi's Dreadful Rot  Necr/Pois/Air  68%        N/A       2%          2
 Arcjolt                  Conj/Air       26%        1d36      3%          5
 Freezing Cloud           Conj/Ice/Air   20%        6-21      8%          5
 Iron Shot                Conj/Erth      26%        9d6       17%         6
 Vhi's Electric Charge    Tloc/Air       30%        N/A       19%         3
 Plasma Beam              Fire/Air       21%        2x1d36    32%         6
 Spellforged Servitor     Conj/Summ      26%        N/A       63%         7

Inventory:

Hand Weapons
 a - a +2 rapier of draining (weapon) {short}
   (You took it off Duvessa on level 7 of the Dungeon)
 A - a +0 dagger {short}
   (You took it off a goblin on level 1 of the Dungeon)
 G - a +0 mace of protection {mace}
   (You took it off an orc on level 3 of the Dungeon)
 Z - a +2 whip of venom {mace}
   (You took it off a kobold on level 7 of the Dungeon)
Missiles
 O - 14 poisoned darts {throwing}
Armour
 b - a +0 troll leather armour {Pargi}
   (You found it on level 3 of the Dungeon)
 d - a +0 pair of gloves (worn)
   (You found it on level 7 of the Dungeon)
 e - the +3 hat of Pondering (worn) {ponderous, Will+ MP+10 Int+5}
   (You took it off Gastronok on level 8 of the Dungeon)

   Int:       It affects your intelligence (+5).
   MP:        It affects your magic capacity (+10).
   Will:      It increases your willpower.
 g - a +0 cloak (worn)
   (You found it on level 8 of the Dungeon)
 m - a +0 scale mail
   (You found it on level 2 of the Dungeon)
 p - a +0 ring mail
   (You found it on level 2 of the Dungeon)
 q - a +0 chain mail
   (You found it on level 2 of the Dungeon)
 r - a +0 ring mail
   (You found it on level 2 of the Dungeon)
 u - a +1 robe
 v - a +0 leather armour
   (You found it on level 2 of the Dungeon)
 B - a +0 robe
   (You found it on level 1 of the Dungeon)
 D - a +0 scale mail
   (You found it on level 1 of the Dungeon)
 F - a +2 buckler (worn)
   (You found it on level 5 of the Dungeon)
 H - a +0 leather armour
   (You took it off an orc on level 3 of the Dungeon)
 I - a +0 leather armour
   (You took it off an orc priest on level 3 of the Dungeon)
 K - a +0 leather armour
   (You took it off an orc on level 3 of the Dungeon)
 T - a +0 robe
   (You found it on level 4 of the Dungeon)
 V - a +2 robe of cold resistance (worn)
   (You took it off Dowan on level 7 of the Dungeon)
 W - +0 steam dragon scales
   (You found it on level 6 of the Dungeon)
 X - a +0 robe
   (You took it off a gnoll bouda on level 6 of the Dungeon)
Jewellery
 t - an amulet of reflection (around neck)
   (You found it on level 9 of the Dungeon)
 Y - a ring of protection from cold (left hand)
   (You found it on level 7 of the Dungeon)
Wands
 o - a wand of acid (6)
   (You found it on level 5 of the Dungeon)
 x - a wand of paralysis (5)
   (You found it on level 9 of the Dungeon)
 z - a wand of flame (29)
   (You took it off Grinder on level 5 of the Dungeon)
 J - a wand of polymorph (10)
   (You found it on level 3 of the Dungeon)
 Q - a wand of mindburst (8)
   (You took it off an orc wizard on level 9 of the Dungeon)
 U - a wand of iceblast (3)
   (You took it off Maurice on level 1 of the Orcish Mines)
Scrolls
 c - 2 scrolls of teleportation {@r4}
 j - a scroll of poison {!r}
 k - 4 scrolls of magic mapping {!r}
 s - a scroll of vulnerability {!r!r}
 w - 2 scrolls of enchant armour
 C - a scroll of fear
 E - 4 scrolls of enchant weapon
 P - a scroll of blinking {!r}
 S - a scroll of immolation {!r!r}
Potions
 f - 2 potions of resistance
 h - 8 potions of curing {@q1}
 i - a potion of heal wounds {@q2}
 l - 2 potions of invisibility
 n - a potion of brilliance
 y - a potion of lignification {unknown}
 L - 5 potions of flight
 M - 3 potions of ambrosia
 N - 2 potions of mutation {!q}
 R - 4 potions of haste {@q3}

Dungeon Overview and Level Annotations

Branches:
Dungeon (9/15) Zot: 24770  Temple (1/1) D:4 Zot: 5819    Lair (0/5) D:8
    Orc (2/2) D:9 Zot: 11151
    Elf: Orc:2

Altars:
Ashenzari
Cheibriados
Dithmenos
Elyvilon
Fedhas
Gozag
Hepliaklqana
Kikubaaqudgha
Makhleb
Nemelex Xobeh
Okawaru
Qazlal
Ru
Sif Muna
Trog
Vehumet
Wu Jian
Xom
Yredelemnul
Zin
The Shining One

Shops:
D:5 :

Annotations:
D:5 1 runed translucent door, Crazy Yiuf
Orc:2 Azrael

.o....# #.
.○$.... ##..
°)°....####.)..
°○○°†.o$#......
.○h.E.......$..
#R$h☼.)...$...
#○.○E.......#
#○oE@....#
####$....#
#.....# ###..##
.## .# #


You could see Azrael, an orc knight (poisoned), 3 fire elementals, an orc
warrior (strong, poisoned), 2 hell hounds and an orc (strong).


Message History

You ignite the poison in your surroundings!
The orc seems to burn from within!
You kill the orc!
Vehumet accepts your kill.
You feel your power returning.
Unknown command.
Your toxic aura wanes.
Things that are here:
a +0 hand axe {axe}; a +0 dagger {short}; a +2 robe Unknown command.
Found a stone staircase leading down.
Unknown command.
You see here a +0 club {mace}.
You now have 830 gold pieces (gained 15).
Items here: ))))))) [[[[ ÷.
Things that are here:
a +1 vampiric dagger {short}; a +0 ring mail; an orc skeleton
Things that are here:
a +0 dagger {short}; a +0 robe
Things that are here:
a +0 flail {mace}; a +0 ring mail Partly explored, can't reach some places.
Partly explored, can't reach some places.
There is a stone staircase leading down here.
You see here a +0 giant spiked club {mace}.
You climb downwards.
The hell hound barks!
The orc warrior shouts!
You hear a shout!
The orc shouts!
You hear a shout!
There is a stone staircase leading up here.
Unknown command.
Danger!
Unknown command.
Unknown command.
Casting: Ignite Poison (safe; 1% risk of failure)
Confirm with . or Enter, or press ? or * to list all spells.
You begin to radiate toxic energy.
The hell hound is poisoned.
The ogre is poisoned.
The orc knight is poisoned.
The orc warrior is poisoned.
The troll is poisoned.
The orc warrior is poisoned.
The orc wizard is poisoned.
The orc is poisoned.
The orc shouts!
The orc is poisoned. x2; The troll looks even sicker.
The orc wizard looks even sicker.
You kill the orc!
Vehumet accepts your kill.
You feel your power returning.
The orc looks even sicker.
You hear a bark!
You kill the orc!
Vehumet accepts your kill.
You feel your power returning.
You kill the orc!
Vehumet accepts your kill.
You feel your power returning.
A fire elemental comes into view.
Azrael the Boundless Flame comes into view.
He is wielding a +3 scimitar of flaming.
The orc warrior looks even sicker.
The orc wizard looks even sicker.
A hell hound comes into view.
Unknown command.
Casting: Olgreb's Toxic Radiance (safe; 1% risk of failure)
Confirm with . or Enter, or press ? or * to list all spells.
You ignite the poison in your surroundings!
The orc warrior seems to burn from within!
The orc wizard seems to burn from within!!!
You kill the orc wizard!
Vehumet accepts your kill.
You feel your power returning.
The orc warrior seems to burn from within!!!
You kill the orc warrior!
Vehumet accepts your kill.
You feel your power returning.
The orc knight seems to burn from within!!
The troll seems to burn from within!!!
You kill the troll!
Vehumet accepts your kill.
Vehumet offers you knowledge of Fireball.
You feel your power returning.
The ogre seems to burn from within!!
You kill the ogre!
Vehumet accepts your kill.
The hell hound barks!
The hell hound is poisoned.
The orc knight is poisoned.
The orc warrior is poisoned.
Your toxic aura wanes.
The hell hound breathes flames at you. The blast of flame hits you!
Azrael gestures at you.
The sphere of damnation explodes!
The damnation engulfs you!!
Ouch! That really hurt!
* * * LOW HITPOINT WARNING * * *
The orc knight roars a battlecry!
The orc warrior goes into a battle-frenzy!
You hear a shout! x4; You hear a howl!
You hear a shout!
The hell hound looks more healthy.
The hell hound breathes flames at you.
The blast of flame hits the fire elemental.
The fire elemental completely resists.
The blast of flame hits you!
* * * LOW HITPOINT WARNING * * *
The hell hound breathes flames at you.
The blast of flame hits the hell hound.
The hell hound completely resists.
The blast of flame hits the fire elemental.
The fire elemental completely resists.
The blast of flame hits you.
You die...

Skill      XL: |  1  2  3  4  5  6  7  8  9 10 11 |
---------------+----------------------------------+-----
Poison Magic   | 4 5 6 7 9 10 | 10.0
Transmutations | 2 3 |  3.0
Fire Magic     | 1 2 3 4 9 |  9.3
Spellcasting   | 6 8 10 | 10.0
Fighting       | 2 |  2.0
Stealth        | 5 |  5.0
Dodging        | 4 |  4.0
Conjurations   | 12 13 | 13.0
Hexes          | 5 |  5.0
Shields        | 3 |  3.4

Action                     |  1- 3 |  4- 6 |  7- 9 | 10-12 || total
---------------------------+-------+-------+-------+-------++-------
  Melee: Dagger            |       |       |    14 |       ||    14
         Rapier            |       |       |     5 |     4 ||     9
   Cast: Sting             |    83 |    67 |    19 |       ||   169
         Poisonous Vapours |    18 |    36 |     6 |       ||    60
         Ignite Poison     |       |     9 |    39 |    60 ||   108
         Olgreb's Toxic Ra |       |     1 |    39 |    68 ||   108
         Searing Ray       |       |       |     4 |     6 ||    10
         Fulminant Prism   |       |       |       |    49 ||    49
  Evoke: Wand              |       |       |     3 |       ||     3
    Use: Scroll            |       |    13 |     6 |     5 ||    24
         Potion            |       |     1 |     1 |       ||     2
 Armour: Robe              |     2 |     3 |     4 |     3 ||    12
         Steam dragon scal |       |       |     3 |       ||     3
  Dodge: Dodged            |    27 |    23 |    25 |    14 ||    89
  Block: Buckler           |       |       |       |    11 ||    11
         Reflection        |       |       |       |     3 ||     3

Levels and vault maps discovered:
D:1:      ncdulo_lavacross, layout_basic
D:2:      wad_river_or_something, layout_basic,
          nicolae_ecumenical_snake_handling, minmay_circled_x
D:3:      layout_basic, uniq_pargi
D:4:      layout_loops_ring, mainiacjoe_overflow_cross_hatched,
          minmay_temple_entry_sparse_star, kennysheep_cross_room
D:5:      layout_gridville, serial_shops, nicolae_shop_just_a_little_nook,
          serial_glass, glass_columns_a, glass_columns_b, uniq_grinder,
          uniq_crazy_yiuf_cottage, uniq_prince_ribbit1
D:6:      layout_loops_ring
D:7:      layout_loops_ring, palyth_temple_overflow_mages,
          nemelex_spade_bored_becter,
          chequers_temple_overflow_statue_of_worship, uniq_duvessa,
          uniq_menkaure
D:8:      layout_basic, kennysheep_ying_yang, kennysheep_little_box,
          xom_shifter_show, mainiacjoe_overflow_catch_the_wave,
          kennysheep_small_square, uniq_gastronok
D:9:      minmay_inner_zag, layout_rooms, lemuel_tele_altar, zombieorc2_lemuel
Temple:   hellmonk_temple_flake
Orc:1:    layout_diamond_mine, guppyfry_orc_lava_fort, uniq_maurice
Orc:2:    st_orc_congregation, layout_diamond_mine,
          nicolae_shop_overcharged_wands, uniq_rupert, uniq_snorg, uniq_azrael

Notes
Turn   | Place    | Note
-------+----------+-------------------------------------------
     0 | D:1      | Sobieck the Deep Elf Venom Mage began the quest for the
                  | Orb.
     0 | D:1      | Reached XP level 1. HP: 10/10 MP: 6/6
   267 | D:1      | You fall into a shaft and drop 1 floor!
   305 | D:2      | Reached skill level 4 in Poison Magic
   305 | D:2      | Reached XP level 2. HP: 15/15 MP: 5/8
   452 | D:2      | Learned a level 2 spell: Poisonous Vapours
   635 | D:2      | You add the spells Cigotuvi's Dreadful Rot, Ignite Poison
                  | and Freezing Cloud to your library.
   688 | D:2      | Reached XP level 3. HP: 19/19 MP: 2/9
  1124 | D:1      | Reached skill level 5 in Poison Magic
  2107 | D:2      | Found a faded altar of an unknown god.
  2115 | D:2      | Reached XP level 4. HP: 24/24 MP: 2/10
  2767 | D:3      | Noticed Pargi
  3325 | D:3      | Reached skill level 6 in Poison Magic
  3506 | D:3      | Reached XP level 5. HP: 24/28 MP: 6/11
  4138 | D:4      | Found a staircase to the Ecumenical Temple.
  4203 | D:4      | Reached skill level 7 in Poison Magic
  4244 | D:4      | Learned a level 4 spell: Olgreb's Toxic Radiance
  4248 | D:4      | Learned a level 3 spell: Ignite Poison
  4268 | Temple   | Entered the Ecumenical Temple
  4836 | D:3      | Killed Pargi
  4837 | D:3      | Reached skill level 2 in Transmutations
  4837 | D:3      | Reached skill level 1 in Fire Magic
  4837 | D:3      | Reached XP level 6. HP: 23/32 MP: 9/12
  4932 | D:4      | Found a stormy altar of Qazlal.
  5161 | D:4      | Reached skill level 2 in Fire Magic
  5419 | D:5      | Entered Level 5 of the Dungeon
  5766 | D:5      | Reached XP level 7. HP: 36/36 MP: 2/13
  5855 | D:5      | HP: 6/36 [ogre/+0 giant spiked club (30)]
  5865 | D:5      | Reached skill level 3 in Transmutations
  5865 | D:5      | Reached skill level 3 in Fire Magic
  5865 | D:5      | Reached skill level 8 in Poison Magic
  6120 | D:5      | Found Urick's Book Shop.
  6137 | D:5      | Noticed Prince Ribbit
  6141 | D:5      | Killed Prince Ribbit
  6142 | D:5      | Reached skill level 9 in Poison Magic
  6245 | D:5      | You pick up a book of Power and begin reading...
  6245 | D:5      | You add the spells Iskenderun's Battlesphere, Iron Shot and
                  | Spellforged Servitor to your library.
  6696 | D:5      | Noticed Grinder
  6760 | D:5      | Found a runed translucent door.
  6761 | D:5      | Noticed Crazy Yiuf
  7038 | D:6      | Reached XP level 8. HP: 41/41 MP: 2/14
  7434 | D:6      | Reached skill level 4 in Spellcasting
  7434 | D:6      | Reached skill level 10 in Poison Magic
  7665 | D:6      | Reached skill level 5 in Spellcasting
  7665 | D:6      | Reached skill level 1 in Fighting
  7873 | D:6      | Reached skill level 2 in Fighting
  7873 | D:6      | Reached skill level 3 in Stealth
  8009 | D:6      | Reached skill level 4 in Stealth
  8013 | D:6      | Reached skill level 3 in Dodging
  8516 | D:6      | Reached skill level 4 in Dodging
  8734 | D:7      | Found a sparkling altar of Nemelex Xobeh.
  9095 | D:7      | Reached skill level 5 in Stealth
  9181 | D:7      | Noticed Duvessa
  9184 | D:7      | Killed Duvessa
  9185 | D:7      | Reached skill level 6 in Spellcasting
  9292 | D:7      | Noticed Dowan
  9296 | D:7      | Killed Dowan
  9297 | D:7      | Reached XP level 9. HP: 46/48 MP: 6/21
  9431 | D:7      | Found an ancient bone altar of Kikubaaqudgha.
  9484 | D:7      | Found a radiant altar of Vehumet.
  9487 | D:7      | Reached skill level 7 in Spellcasting
  9490 | D:7      | Became a worshipper of Vehumet
  9526 | D:7      | Found a shimmering blue altar of Sif Muna.
  9811 | D:7      | You pick up a book of Conjurations {@e2} and begin
                  | reading...
  9811 | D:7      | You add the spells Magic Dart, Searing Ray and Fulminant
                  | Prism to your library.
  9816 | D:7      | Learned a level 3 spell: Mephitic Cloud
  9826 | D:7      | Found a hazy altar of Hepliaklqana.
  9827 | D:7      | Found a snail-covered altar of Cheibriados.
  9828 | D:7      | Found a burning altar of Makhleb.
  9848 | D:7      | You pick up a book of Flames and begin reading...
  9848 | D:7      | You add the spells Inner Flame, Sticky Flame and Flame Wave
                  | to your library.
  9858 | D:7      | Reached skill level 1 in Conjurations
  9974 | D:7      | Noticed Menkaure
 10200 | D:7      | Reached skill level 8 in Spellcasting
 10200 | D:7      | Reached skill level 2 in Conjurations
 10209 | D:7      | Learned a level 2 spell: Searing Ray
 10713 | D:5      | Paralysed by Grinder for 2 turns
 10724 | D:5      | Killed Grinder
 10725 | D:5      | Reached skill level 3 in Conjurations
 10761 | D:5      | Identified a potion of experience
 10808 | D:5      | Reached skill level 12 in Conjurations
 10808 | D:5      | Reached XP level 10. HP: 53/53 MP: 24/24
 10897 | D:7      | Killed Menkaure
 11032 | D:7      | Learned a level 4 spell: Fulminant Prism
 11115 | D:8      | You pick up a book of Lightning and begin reading...
 11115 | D:8      | You add the spells Vhi's Electric Charge, Arcjolt and
                  | Plasma Beam to your library.
 11136 | D:8      | Reached skill level 1 in Hexes
 11140 | D:8      | Reached skill level 2 in Hexes
 11353 | D:8      | Found a shimmering altar of Xom.
 11357 | D:8      | Found a shimmering altar of Xom.
 11357 | D:8      | Found a shimmering altar of Xom.
 11357 | D:8      | Found a shimmering altar of Xom.
 11357 | D:8      | Found a shimmering altar of Xom.
 11358 | D:8      | Found a shimmering altar of Xom.
 11364 | D:8      | Found a shimmering altar of Xom.
 11364 | D:8      | Found a shimmering altar of Xom.
 11367 | D:8      | Found a shimmering altar of Xom.
 11367 | D:8      | Found a shimmering altar of Xom.
 11367 | D:8      | Found a shimmering altar of Xom.
 11378 | D:8      | Noticed a two-headed ogre
 11382 | D:8      | Killed a two-headed ogre
 11383 | D:8      | Reached skill level 13 in Conjurations
 11383 | D:8      | Reached skill level 4 in Hexes
 11476 | D:8      | Found a staircase to the Lair.
 11824 | D:8      | Reached skill level 5 in Hexes
 11938 | D:8      | Noticed Gastronok
 11938 | D:8      | Gastronok the Ponderous comes into view. He is wearing the
                  | +3 hat of Pondering {ponderous, Will+ MP+10 Int+5}.
 12135 | D:8      | Killed Gastronok
 12136 | D:8      | Reached skill level 4 in Fire Magic
 12136 | D:8      | Reached XP level 11. HP: 57/57 MP: 4/25
 12283 | D:8      | Found a bloodstained altar of Trog.
 12328 | D:8      | Found a blossoming altar of Fedhas.
 12366 | D:8      | Found a basalt altar of Yredelemnul.
 12422 | D:8      | Found a white marble altar of Elyvilon.
 12511 | D:8      | Noticed an orb spider
 12514 | D:8      | an orb spider changed into a wind drake
 12568 | D:8      | Found a broken altar of Ashenzari.
 12603 | D:8      | Reached skill level 5 in Fire Magic
 12843 | D:9      | Noticed a two-headed ogre
 12845 | D:9      | Reached * piety under Vehumet
 12845 | D:9      | Offered knowledge of Sandblast by Vehumet.
 12846 | D:9      | Reached skill level 9 in Spellcasting
 12846 | D:9      | Killed a two-headed ogre
 12847 | D:9      | Reached skill level 6 in Fire Magic
 13350 | D:9      | Noticed a centaur warrior
 13353 | D:9      | Killed a centaur warrior
 13354 | D:9      | Reached skill level 1 in Shields
 13510 | D:9      | Found an opulent altar of Gozag.
 13530 | D:9      | Offered knowledge of Shock by Vehumet.
 13536 | D:9      | Reached ** piety under Vehumet
 13544 | D:9      | Reached skill level 7 in Fire Magic
 13722 | D:9      | Found a staircase to the Orcish Mines.
 13888 | D:9      | Offered knowledge of Frozen Ramparts by Vehumet.
 13957 | D:8      | a basilisk changed into a harpy
 13957 | D:8      | Noticed a harpy (shapeshifter)
 13963 | D:8      | Noticed a wolf spider
 14055 | D:8      | Noticed a fire crab
 14509 | D:9      | Reached skill level 2 in Shields
 14509 | D:9      | Reached skill level 10 in Spellcasting
 14509 | D:9      | Reached *** piety under Vehumet
 14855 | Orc:1    | Entered Level 1 of the Orcish Mines
 14919 | Orc:1    | Reached skill level 8 in Fire Magic
 14986 | Orc:1    | Offered knowledge of Hailstorm by Vehumet.
 15041 | Orc:1    | Noticed an orc sorcerer
 15043 | Orc:1    | Noticed a sixfirhy
 15044 | Orc:1    | Killed an orc sorcerer
 15264 | Orc:1    | Reached skill level 3 in Shields
 15310 | Orc:1    | Noticed Maurice
 15314 | Orc:1    | Reached **** piety under Vehumet
 15315 | Orc:1    | Killed Maurice
 15440 | Orc:1    | Noticed an orc sorcerer
 15443 | Orc:1    | Killed an orc sorcerer
 15444 | Orc:1    | Reached skill level 9 in Fire Magic
 15667 | Orc:2    | Entered Level 2 of the Orcish Mines
 15667 | Orc:2    | Noticed an orc knight
 15668 | Orc:2    | Noticed Azrael
 15670 | Orc:2    | Offered knowledge of Fireball by Vehumet.
 15671 | Orc:2    | HP: 2/57 [hell hound/blast of flame[Azrael] (13)]
 15671 | Orc:2    | Killed from afar by a hell hound

Vanquished Creatures
  Gastronok (D:8)
  A centaur warrior (D:9)
  2 two-headed ogres
  2 orc sorcerers (Orc:1)
  Maurice (Orc:1)
  4 trolls
  2 hornets
  Prince Ribbit (D:5)
  Grinder (D:5)
  2 shadows (D:9)
  A wraith (D:9)
  A steam dragon (D:6)
  4 yaks (D:8)
  3 wyverns
  A warg (Orc:1)
  Menkaure (D:7)
  Duvessa (D:7)
  10 orc warriors
  Pargi (D:3)
  A black bear (D:6)
  2 sky beasts
  6 ogres
  2 phantoms
  5 kobold brigands
  2 gnoll sergeants (D:9)
  2 bullfrogs
  5 wights (D:9)
  Dowan (D:7)
  2 troll zombies (D:9)
  8 killer bees (D:9)
  3 howler monkeys (D:9)
  4 hounds
  A gnoll bouda (D:6)
  2 sleepcaps (D:6)
  7 orc priests
  A jelly (D:6)
  5 iguanas
  21 orc wizards
  5 ogre zombies (D:9)
  10 adders
  20 gnolls
  2 white imps
  2 ufetubi
  3 worms
  4 dart slugs
  42 orcs
  8 ball pythons
  9 bats
  4 endoplasms
  3 giant cockroaches
  6 goblins
  8 hobgoblins
  4 jackals
  14 kobolds
  7 quokkas
  5 frilled lizards
  A goblin skeleton (D:9)
  5 goblin zombies (D:9)
  A hobgoblin skeleton (D:9)
  2 hobgoblin zombies (D:9)
  3 orc skeletons (D:9)
  13 orc zombies (D:9)
  2 rats (D:3)
  A fulminant prism (D:9)
304 creatures vanquished.

Vanquished Creatures (others)
  48 fulminant prisms
48 creatures vanquished.

Grand Total: 352 creatures vanquished

Table legend:
 A = Non-vault XP
 B = Vault XP
 C = Vault XP percentage of total XP
 D = Non-vault monster count
 E = Vault monster count
 F = Vault count percentage of total count
                 A         B        C        D         E       F
            +---------+---------+-------+---------+---------+-------
      Total |   10522 |    7405 |  41.3 |     221 |      82 |  27.1
            +---------+---------+-------+---------+---------+-------
        D:1 |      37 |       0 |   0.0 |      20 |       0 |   0.0
        D:2 |      34 |      56 |  62.2 |      13 |      15 |  53.6
        D:3 |     136 |     136 |  50.0 |      23 |       1 |   4.2
        D:4 |     147 |       0 |   0.0 |       9 |       0 |   0.0
        D:5 |     577 |     540 |  48.3 |      20 |       2 |   9.1
        D:6 |     904 |       0 |   0.0 |      16 |       0 |   0.0
        D:7 |     841 |     475 |  36.1 |      27 |       6 |  18.2
        D:8 |    2827 |    1580 |  35.9 |      21 |       3 |  12.5
        D:9 |    3084 |    2225 |  41.9 |      40 |      42 |  51.2
      Orc:1 |    1325 |    2393 |  64.4 |      25 |      13 |  34.2
      Orc:2 |     610 |       0 |   0.0 |       7 |       0 |   0.0
            +---------+---------+-------+---------+---------+-------

Skill      XL: |  1  2  3  4  5  6  7  8  9 10 11 |
---------------+----------------------------------+-----
Poison Magic   | 4 5 6 7 9 10 | 10.0
Transmutations | 2 3 |  3.0
Fire Magic     | 1 2 3 4 9 |  9.3
Spellcasting   | 6 8 10 | 10.0
Fighting       | 2 |  2.0
Stealth        | 5 |  5.0
Dodging        | 4 |  4.0
Conjurations   | 12 13 | 13.0
Hexes          | 5 |  5.0
Shields        | 3 |  3.4

Action                     |  1- 3 |  4- 6 |  7- 9 | 10-12 || total
---------------------------+-------+-------+-------+-------++-------
  Melee: Dagger            |       |       |    14 |       ||    14
         Rapier            |       |       |     5 |     4 ||     9
   Cast: Sting             |    83 |    67 |    19 |       ||   169
         Poisonous Vapours |    18 |    36 |     6 |       ||    60
         Ignite Poison     |       |     9 |    39 |    60 ||   108
         Olgreb's Toxic Ra |       |     1 |    39 |    68 ||   108
         Searing Ray       |       |       |     4 |     6 ||    10
         Fulminant Prism   |       |       |       |    49 ||    49
  Evoke: Wand              |       |       |     3 |       ||     3
    Use: Scroll            |       |    13 |     6 |     5 ||    24
         Potion            |       |     1 |     1 |       ||     2
 Armour: Robe              |     2 |     3 |     4 |     3 ||    12
         Steam dragon scal |       |       |     3 |       ||     3
  Dodge: Dodged            |    27 |    23 |    25 |    14 ||    89
  Block: Buckler           |       |       |       |    11 ||    11
         Reflection        |       |       |       |     3 ||     3

Illustrated notes

Table legend:
 A = Kills in this place as a percentage of kills in the entire game.
 B = Kills by you in this place as a percentage of kills by you in the entire game.
 C = Kills by friends in this place as a percentage of kills by friends in the entire game.
 D = Other kills in this place as a percentage of other kills in the entire game.
 E = Experience gained in this place as a percentage of experience gained in the entire game.
 F = Experience gained in this place divided by the number of levels of this place that you have seen.
                   A       B       C       D       E      F
               +-------+-------+-------+-------+-------+----------------------
         Total | 100.0 | 100.0 |   N/A |   N/A | 100.0 | 1493.9
       Dungeon |  85.1 |  85.1 |   N/A |   N/A |  75.9 | 1511.0
  Orcish Mines |  14.9 |  14.9 |   N/A |   N/A |  24.1 | 2164.0
               +-------+-------+-------+-------+-------+----------------------

Table legend: (Time is in decaauts)
 A = Elapsed time spent in this place.
 B = Non-inter-level travel time spent in this place.
 C = Inter-level travel time spent in this place.
 D = Time resting spent in this place.
 E = Time spent auto-exploring this place.
 F = Levels seen in this place.
 G = Mean time per level.
                   A        B        C        D        E       F      G
               +--------+--------+--------+--------+--------+-----+--------+
         Total |  15905 |  14829 |   1076 |   3709 |   8205 |  12 | 1325.4 |
       Dungeon |  14876 |  13827 |   1049 |   3525 |   7542 |   9 | 1652.9 |
        Temple |    180 |    170 |     10 |      0 |    164 |   1 |  180.0 |
  Orcish Mines |    847 |    831 |     16 |    184 |    499 |   2 |  423.5 |
               +--------+--------+--------+--------+--------+-----+--------+

Top non-repeatable levels by time:
     D:8: 2130 daAuts
     D:2: 1997 daAuts
     D:5: 1898 daAuts
     D:9: 1823 daAuts
     D:7: 1795 daAuts
     D:6: 1770 daAuts
     D:4: 1219 daAuts
     D:3: 1213 daAuts
     D:1: 1028 daAuts
   Orc:1: 844 daAuts
  Temple: 180 daAuts
   Orc:2: 3 daAuts
